 Dungeon Crawl Stone Soup version 0.29-a0-393-g47a863cc1b (webtiles) character file.

Game seed: 14277911719867314029

74 dolemite99 the Chopper (level 4, -1/39 HPs)
             Began as a Minotaur Monk on May 10, 2022.
             Was a Plaything of Xom.
             Slain by Terence
             ... wielding a +0 falchion
              (6 damage)
             ... on level 3 of the Dungeon.
             The game lasted 00:01:43 (2075 turns).

dolemite99 the Chopper (Minotaur Monk)              Turns: 2075, Time: 00:01:44

Health: -1/39      AC:  8    Str: 17    XL:     4   Next: 10%
Magic:  3/3        EV:  7    Int:  7    God:    Xom [.....*]
Gold:   199        SH:  0    Dex: 13    Spells: 3/3 levels left

rFire   . . .      SeeInvis .   a - +0 hand axe
rCold   . . .      Faith    .   (no shield)
rNeg    . . .      Spirit   .   k - +0 chain mail
rPois   .          Reflect  .   (helmet restricted)
rElec   .          Harm     .   (no cloak)
rCorr   .          Rampage  .   (no gloves)
Will    .....                   (no boots)
Stlth   ..........              (no amulet)
HPRegen 0.13/turn               (no ring)
MPRegen 0.08/turn               (no ring)

@: no status effects
A: horns 2, retaliatory headbutt
a: Renounce Religion


You were on level 3 of the Dungeon.
You worshipped Xom.
You were Xom's teddy bear.
You visited 1 branch of the dungeon, and saw 3 of its levels.

You collected 199 gold pieces.

Inventory:

Hand Weapons
 a - a +0 hand axe (weapon)
Missiles
 e - 46 stones (quivered)
Armour
 b - a +0 robe
 k - a +0 chain mail (worn)
Scrolls
 d - a scroll of magic mapping {unknown}
 f - a scroll of identify {unknown}
 g - a scroll of blinking {unknown}
 i - a scroll of enchant weapon {unknown}
 m - a scroll of enchant armour {unknown}
Potions
 c - a potion of ambrosia
 h - a potion of heal wounds {unknown}
 j - a potion of curing {unknown}
 l - a potion of haste {unknown}


   Skills:
 - Level 3.6 Fighting
 + Level 6.0 Axes
 - Level 3.2 Dodging
 - Level 1.5 Stealth


You had 3 spell levels left.
You didn't know any spells.
Your spell library contained the following spells:

 Spells                   Type           Power      Damage    Failure   Level
 Summon Small Mammal      Summ           0%         N/A       100%        1
 Ensorcelled Hibernation  Hex/Ice        0%         N/A       100%        2
 Passwall                 Tmut/Erth      0%         N/A       100%        2
 Swiftness                Air            0%         N/A       100%        3
 Fireball                 Conj/Fire      0%         3d3       100%        5
 Starburst                Conj/Fire      0%         6d3       100%        6
 Ignition                 Fire           0%         3d3       100%        8


Dungeon Overview and Level Annotations

Branches:
Dungeon (3/15)

Altars:
Xom

Annotations:
D:3 Natasha, Terence


Innate Abilities, Weirdness & Mutations

You have a pair of horns on your head.
You reflexively headbutt those who attack you in melee.


Message History

You are too injured to fight recklessly!
You hit Terence but do no damage.
Terence is lightly wounded.
Terence closely misses you.
The crimson imp blinks!
You are too injured to fight recklessly!
You slash Terence!
Terence is heavily wounded.
Natasha howls an incantation.
You feel troubled. Terence hits you with a +0 falchion.
You are too injured to fight recklessly!
You hit Terence.
Terence is severely wounded.
You hit the crimson imp. Terence hits you but does no damage.
The crimson imp hits you but does no damage.
You are too injured to fight recklessly!
You barely miss Terence. Your headbutt misses Terence.
Terence is severely wounded.
You hit the crimson imp. Terence hits you with a +0 falchion.
* * * LOW HITPOINT WARNING * * *
The crimson imp blinks!
You are too injured to fight recklessly!
You hit Terence but do no damage.
Terence is severely wounded.
Natasha casts a spell.
Terence hits you with a +0 falchion.
* * * LOW HITPOINT WARNING * * *
You closely miss Terence. Your headbutt misses Terence.
Terence is severely wounded.
Terence hits you but does no damage.
The crimson imp blinks!
You hit Terence but do no damage. Your headbutt misses Terence.
Terence is severely wounded.
You miss the crimson imp. "Time to have some fun!"
Terence barely misses you.
The crimson imp blinks!
You hit Terence but do no damage.
Terence is severely wounded.
Terence hits you with a +0 falchion.
You die...
Xom bursts into laughter!

#.(.#
#...# #
#...#
#.#.###
#...55#
#...#h#
##.##g#
#. #@#
#. #@#
#. #ยง#
#. #.#
#. #.#
#.# #<#
###


You could see Terence, Natasha, 2 crimson imps and a hobgoblin.

Vanquished Creatures
  A gnoll (D:1)
  An adder (D:2)
  A dart slug (D:1)
  8 bats
  4 endoplasms
  6 goblins
  6 hobgoblins
  6 kobolds
  2 quokkas (D:1)
  7 ball pythons
  6 frilled lizards
  3 rats
51 creatures vanquished.

Notes
Turn   | Place    | Note
-------+----------+-------------------------------------------
     0 | D:1      | dolemite99 the Minotaur Monk began the quest for the Orb.
     0 | D:1      | Reached XP level 1. HP: 19/19 MP: 0/0
    64 | D:1      | Reached skill level 4 in Axes
   136 | D:1      | Reached XP level 2. HP: 16/26 MP: 1/1
   521 | D:1      | Reached skill level 5 in Axes
   666 | D:1      | Reached XP level 3. HP: 31/31 MP: 2/2
   910 | D:1      | Found a faded altar of an unknown god.
   918 | D:1      | Got Plato's Almanac of Companions
   919 | D:1      | Prayed at the altar of an unknown god.
   919 | D:1      | Became a worshipper of Xom of Enforced Whimsey
   922 | D:1      | XOM: silly message
  1747 | D:2      | Reached skill level 6 in Axes
  1747 | D:2      | Reached XP level 4. HP: 38/39 MP: 3/3
  1929 | D:2      | XOM: scenery: create altars
  2047 | D:3      | Noticed Terence
  2049 | D:3      | Noticed Natasha
  2075 | D:3      | Slain by Terence

Illustrated notes

Levels and vault maps discovered:
D:1:      shiori_arrival_oz, layout_rooms, shapermc_ecumenical_altar_rom_forum,
          minmay_nonomino_d4
D:2:      layout_loops_ring, serial_rivers, chequers_serial_rivers_room_b,
          chequers_serial_rivers_large_b, chequers_serial_rivers_small_b,
          chequers_serial_rivers_micro_d, chequers_serial_rivers_micro_c,
          chequers_serial_rivers_small_3
D:3:      layout_basic, pdpol_wu_jian_five_deadly_venoms,
          lightli_temple_of_fire, lemuel_zombie_altar_kikubaaqudgha,
          grunt_ministairs_6, chequers_serial_rivers_small_a, uniq_natasha,
          uniq_sigmund, uniq_terence, uniq_jessica, uniq_robin

Skill      XL: |  1  2  3 |
---------------+----------+-----
Axes           | 4 5 6 |  6.0
Fighting       | |  3.6
Dodging        | |  3.2
Stealth        | |  1.5

Action                   |  1- 3 |  4- 6 || total
-------------------------+-------+-------++-------
Melee: Hand axe          |    71 |    28 ||    99
       Headbutt          |    10 |     3 ||    13
Throw: Stone             |    58 |     9 ||    67
Armor: Robe              |    13 |       ||    13
       Chain mail        |     1 |    10 ||    11
Dodge: Dodged            |    52 |     7 ||    59

Table legend: (Time is in decaauts)
 A = Elapsed time spent in this place.
 B = Non-inter-level travel time spent in this place.
 C = Inter-level travel time spent in this place.
 D = Time resting spent in this place.
 E = Time spent auto-exploring this place.
 F = Levels seen in this place.
 G = Mean time per level.
                   A        B        C        D        E       F      G
               +--------+--------+--------+--------+--------+-----+--------+
         Total |   2114 |   2041 |     73 |    350 |   1234 |   3 |  704.7 |
       Dungeon |   2114 |   2041 |     73 |    350 |   1234 |   3 |  704.7 |
               +--------+--------+--------+--------+--------+-----+--------+

Top non-repeatable levels by time:
     D:1: 1137 daAuts
     D:2: 935 daAuts
     D:3: 42 daAuts
